 Dungeon Crawl Stone Soup version 0.28-a0-589-g333b8329f1 (webtiles) character file.

Game seed: 10724246935264218179

504 blank1 the Cudgeller (level 6, -2/56 HPs)
             Began as a Minotaur Fighter on Oct 3, 2021.
             Killed from afar by a hobgoblin (16 damage)
             ... with a bolt of acid
             ... on level 4 of the Dungeon.
             The game lasted 00:04:55 (3024 turns).

blank1 the Cudgeller (Minotaur Fighter)             Turns: 3024, Time: 00:04:56

Health: -2/56      AC:  3    Str: 21    XL:     6   Next: 96%
Magic:  5/5        EV:  6    Int:  5    God:
Gold:   152        SH: 15    Dex: 11    Spells: 5/5 levels left

rFire   + . .      SeeInvis .   a - +0 flail
rCold   . . .      Faith    .   k - +2 tower shield {rN+}
rNeg    + . .      Spirit   .   b - +0 scale mail
rPois   .          Reflect  .   (helmet restricted)
rElec   .          Harm     .   (no cloak)
rCorr   .          Rampage  .   (no gloves)
Will    .....                   (no boots)
Stlth   ..........              (no amulet)
HPRegen 0.18/turn               j - ring of protection from fire
MPRegen 0.09/turn               (no ring)

@: corroded
A: horns 2, retaliatory headbutt
a: no special abilities


You were on level 4 of the Dungeon.
You visited 1 branch of the dungeon, and saw 4 of its levels.

You collected 152 gold pieces.

Inventory:

Hand Weapons
 a - a +0 flail (weapon)
Missiles
 e - a throwing net (quivered)
Armour
 b - a +0 scale mail (worn)
 c - a +0 buckler
 k - a +2 tower shield of positive energy (worn)
Jewellery
 j - a ring of protection from fire (left hand)
Wands
 d - a wand of digging (8)
 g - a wand of polymorph (9)
 q - a wand of acid (7)
Scrolls
 f - a scroll of fear {unknown}
 h - a scroll of vulnerability {unknown}
 i - a scroll of teleportation {unknown}
 m - a scroll of noise {unknown}
 n - 2 scrolls of fog {unknown}
Potions
 l - a potion of heal wounds
 o - a potion of brilliance
 p - 2 potions of curing {unknown}


   Skills:
 + Level 5.4 Fighting
 + Level 5.4 Maces & Flails
 - Level 5.0 Armour
 + Level 2.8 Dodging
 - Level 5.0 Shields


You had 5 spell levels left.
You didn't know any spells.
Your spell library contained the following spells:

 Spells                   Type           Power      Damage    Failure   Level
 Animate Skeleton         Necr           0%         N/A       100%        1
 Pain                     Necr           0%         1d4       100%        1
 Static Discharge         Conj/Air       0%         N/A       100%        2
 Vampiric Draining        Necr           0%         2d6       100%        3
 Lightning Bolt           Conj/Air       0%         1d11      100%        5
 Maxwell's Capacitive Co  Air            0%         ∞         100%        8


Dungeon Overview and Level Annotations

Branches:
Dungeon (4/15)
 Temple: D:4-7

Altars:

Shops:
D:4 =


Innate Abilities, Weirdness & Mutations

You have a pair of horns on your head.
You reflexively headbutt those who attack you in melee.


Message History

HP restored.
Found a robe.
No target in view!
You open the door.
A kobold comes into view. It is wielding a +0 whip.
The kobold shouts!
There is an open door here.
A kobold is nearby!
You block the kobold's attack.
You completely miss the kobold.
An orc comes into view. It is wielding a +0 hand axe.
The kobold hits you with a +0 whip.
Your shield prevents you from hitting the kobold.
The orc shouts!
You headbutt the kobold.
You kill the kobold!
You see here a +0 whip.
Found a gold wand.
The orc barely misses you. You furiously retaliate!
You headbutt the orc, but do no damage. You thump the orc!
You kill the orc!
No target in view!
No target in view!
No target in view!
You see here a +0 hand axe.
Found a stone staircase leading down.
q - a wand of acid (7)
Found an escape hatch in the ceiling.
There is a stone staircase leading down here.
You now have 152 gold pieces (gained 6).
A hobgoblin comes into view. It is carrying a wand of acid (10).
The hobgoblin zaps a wand.
The bolt of acid hits you!!!
Ouch! That really hurt!
* * * LOW HITPOINT WARNING * * *
The acid corrodes you!
You are too injured to fight recklessly!
You are too injured to fight recklessly!
You are too injured to fight recklessly!
The hobgoblin zaps a wand.
The bolt of acid hits you!
You die...

#...............#........#
#.......#.###...#........#
#...............#.[......###
#......##..###..#####'#.....
#...............# #.######
##########.g##.## #.# ... ..
#.# ####.##.# ##)# #...@##.#
#.#..# #.....#.# #.#)##
#.....#.###.#.#
#.....#.....#.#
#.....#.##....#
#........'....#
#.......##....#
#......>......#
#<....#.#.....#


You could see a hobgoblin.

Vanquished Creatures
  Grinder (D:3)
  An ogre (D:3)
  Blork the orc (D:4)
  A water moccasin skeleton (D:2)
  5 adders
  An ufetubus (D:4)
  A worm (D:2)
  A dart slug (D:1)
  2 orcs
  2 ball pythons
  9 bats
  6 endoplasms
  2 giant cockroaches (D:1)
  4 hobgoblins
  5 jackals
  4 quokkas
  4 frilled lizards
  4 goblins
  7 kobolds
  6 rats
67 creatures vanquished.

Notes
Turn   | Place    | Note
-------+----------+-------------------------------------------
     0 | D:1      | blank1 the Minotaur Fighter began the quest for the Orb.
     0 | D:1      | Reached XP level 1. HP: 19/19 MP: 0/0
   161 | D:1      | Found a faded altar of an unknown god.
   314 | D:1      | Reached XP level 2. HP: 27/27 MP: 1/1
   609 | D:1      | You fall into a shaft and drop 1 floor!
   971 | D:2      | Reached XP level 3. HP: 33/33 MP: 2/2
  1350 | D:2      | Reached skill level 1 in Dodging
  1350 | D:2      | Reached XP level 4. HP: 34/40 MP: 3/3
  1825 | D:3      | Noticed Grinder
  1834 | D:3      | Paralysed by Grinder for 6 turns
  1846 | D:3      | Killed Grinder
  1847 | D:3      | Reached skill level 5 in Fighting
  1847 | D:3      | Reached XP level 5. HP: 32/48 MP: 4/4
  1847 | D:3      | Reached XP level 6. HP: 38/56 MP: 5/5
  2075 | D:3      | Reached skill level 5 in Maces & Flails
  2075 | D:3      | Reached skill level 5 in Armour
  2075 | D:3      | Reached skill level 5 in Shields
  2620 | D:4      | Found Get Athrax's Jewellery Emporium.
  2662 | D:4      | Noticed Blork the orc
  2671 | D:4      | Killed Blork the orc
  3024 | D:4      | Killed from afar by a hobgoblin

Illustrated notes

Levels and vault maps discovered:
D:1:      matt_arrival_diagonals, layout_basic, ebering_ecumenical_altar_webs,
          roderic_lattice_a
D:2:      layout_basic, minmay_crystal_room
D:3:      layout_basic, uniq_grinder
D:4:      layout_basic, worldfamousw_hep_ancestral_shrine, serial_shops, shop,
          uniq_blork_the_orc

Skill      XL: |  1  2  3  4  5  6 |
---------------+-------------------+-----
Fighting       | 4 5 |  5.4
Maces & Flails | 3 4 5 |  5.4
Armour         | 4 5 |  5.0
Shields        | 4 5 |  5.0
Dodging        | 1 2 |  2.8

Action                   |  1- 3 |  4- 6 || total
-------------------------+-------+-------++-------
Melee: Flail             |    87 |    72 ||   159
       Headbutt          |    13 |    12 ||    25
  Use: Potion            |       |     1 ||     1
       Scroll            |       |     2 ||     2
Armor: Scale mail        |    35 |    19 ||    54
Dodge: Dodged            |    40 |    17 ||    57
Block: Buckler           |    21 |       ||    21
       Tower shield      |       |    52 ||    52

Table legend: (Time is in decaauts)
 A = Elapsed time spent in this place.
 B = Non-inter-level travel time spent in this place.
 C = Inter-level travel time spent in this place.
 D = Time resting spent in this place.
 E = Time spent auto-exploring this place.
 F = Levels seen in this place.
 G = Mean time per level.
                   A        B        C        D        E       F      G
               +--------+--------+--------+--------+--------+-----+--------+
         Total |   3086 |   2983 |    103 |    207 |   2305 |   4 |  771.5 |
       Dungeon |   3086 |   2983 |    103 |    207 |   2305 |   4 |  771.5 |
               +--------+--------+--------+--------+--------+-----+--------+

Top non-repeatable levels by time:
     D:1: 973 daAuts
     D:2: 881 daAuts
     D:3: 682 daAuts
     D:4: 549 daAuts
